 Dungeon Crawl Stone Soup version 0.28.0-45-g0d030f2227 (webtiles) character file.

Game seed: 1036322310486816841

340 issech the Cudgeller (level 6, -4/61 HPs)
             Began as a Troll Monk on Apr 2, 2022.
             Slain by a scorpion (6 damage)
             ... on level 2 of the Dungeon.
             The game lasted 00:09:02 (2747 turns).

issech the Cudgeller (Troll Monk)                   Turns: 2747, Time: 00:09:02

Health: -4/61      AC:  4    Str: 20    XL:     6   Next: 30%
Magic:  5/5        EV: 11    Int:  6    God:
Gold:   167        SH:  0    Dex: 14    Spells: 5/5 levels left

rFire   . . .      SeeInvis .   r - +3 falchion
rCold   . . .      Faith    .   (no shield)
rNeg    . . .      Spirit   .   b - +0 robe
rPois   .          Reflect  .   (helmet restricted)
rElec   .          Harm     .   (no cloak)
rCorr   .          Rampage  .   (gloves unavailable)
Will    .....                   (boots unavailable)
Stlth   ++........              (no amulet)
HPRegen 1.00/turn               (no ring)
MPRegen 0.09/turn               (no ring)

@: lethally poisoned (-4 -> -5)
A: large, unfitting armour, claws 3, regeneration 1, shaggy fur 1, tough skin 1
a: no special abilities


You were on level 2 of the Dungeon.
You visited 1 branch of the dungeon, and saw 3 of its levels.

You collected 167 gold pieces.

Inventory:

Hand Weapons
 a - a +0 mace
 n - a +0 shortbow
 p - a +2 short sword of electrocution
 r - a +3 falchion (weapon)
 w - a +2 dagger of venom
Missiles
 c - 183 stones
 d - 12 sling bullets
 h - 48 bolts
 j - 3 poisoned darts
 q - 2 boomerangs (quivered)
 s - a large rock
 v - a throwing net
Armour
 b - a +0 robe (worn)
Scrolls
 g - 2 scrolls of fog {unknown}
 i - 2 scrolls of identify {unknown}
 u - a scroll of torment {unknown}
Potions
 e - a potion of flight {unknown}
 f - 3 potions of cancellation {unknown}
 k - a potion of might {unknown}
 l - a potion of mutation {unknown}
 m - 2 potions of curing {unknown}
 o - a potion of berserk rage {unknown}
 t - a potion of heal wounds {unknown}


   Skills:
 + Level 3.4 Fighting
 + Level 4.6 Maces & Flails
 + Level 1.3 Throwing
 + Level 3.6 Dodging
 + Level 1.2 Stealth


You had 5 spell levels left.
You didn't know any spells.
Your spell library contained the following spells:

 Spells                   Type           Power      Damage    Failure   Level
 Magic Dart               Conj           0%         1d3       45%         1
 Call Imp                 Summ           0%         N/A       58%         2
 Ensorcelled Hibernation  Hex/Ice        0%         N/A       58%         2
 Passwall                 Tmut/Erth      0%         N/A       58%         2
 Confusing Touch          Hex            0%         N/A       83%         3
 Mephitic Cloud           Conj/Pois/Air  0%         N/A       83%         3
 Swiftness                Air            0%         N/A       83%         3
 Tukima's Dance           Hex            0%         N/A       83%         3
 Yara's Violent Unravell  Hex/Tmut       0%         3d3       100%        5


Dungeon Overview and Level Annotations

Branches:
Dungeon (3/15)

Altars:

Annotations:
D:2 1 runed translucent door, Crazy Yiuf


Innate Abilities, Weirdness & Mutations

You are too large for most types of armour.
You have claws for hands.
Your natural rate of healing is unusually fast.
You are covered in fur. (AC +1)
You have tough skin. (AC +1)


Message History

The scorpion stings you. The scorpion closely misses you.
You closely miss the scorpion.
The scorpion is lightly wounded.
You feel very sick. The scorpion stings you.
You are more poisoned.
The scorpion poisons you!
You slash the scorpion!
The scorpion is heavily wounded.
You feel very sick. The scorpion stings you.
You are more poisoned.
The scorpion poisons you! The scorpion barely misses you.
You barely miss the scorpion.
The scorpion is heavily wounded.
You feel very sick. The scorpion stings you.
* * * LOW HITPOINT WARNING * * *
You are more poisoned.
The scorpion poisons you!
* * * LOW HITPOINT WARNING * * *
You feel very sick.
* * * LOW HITPOINT WARNING * * *
You feel very sick.
* * * LOW HITPOINT WARNING * * *
You feel very sick. The scorpion closely misses you.
* * * LOW HITPOINT WARNING * * *
You feel very sick.
You feel sick.
You hit the scorpion.
The scorpion is severely wounded.
* * * LOW HITPOINT WARNING * * *
You feel very sick. The scorpion stings you.
* * * LOW HITPOINT WARNING * * *
You hit the scorpion.
The scorpion is almost dead.
You feel sick. The scorpion closely misses you. The scorpion stings you.
You die...

#.....##..........##.###...
#.......#####.##.###.#.....
#.....#....##.##.###.......
#.....####.......##...#....
###.#.# ###..#....###....#
#.#.# #..##....# #....#
#.#.# ##.###....# ♣....♣
##[.<## #..###...[# ♣...♣♣
##.....###@##......# ♣♣.♣♣
##.......##s##.###..# ♣.♣♣
#......).......###..# ♣♣.♣
#...........#####...# ♣.♣♣
#..........## ###<..# ♣♣.♣
#..........# #.....# #+#
#.........## #.....# ...
#.........# #.....# #.g.#
#.........# ##..#.## #..)#


You could see a scorpion.

Vanquished Creatures
  A black bear (D:3)
  An orc priest (D:3)
  Natasha (thrice) (D:2)
  An orc wizard (D:2)
  4 adders
  2 dart slugs
  6 orcs (D:3)
  3 ball pythons
  9 bats
  5 endoplasms
  A giant cockroach (D:1)
  3 hobgoblins (D:3)
  6 jackals (D:1)
  3 kobolds
  3 quokkas
  3 frilled lizards
  5 goblins
  3 rats (D:1)
62 creatures vanquished.

Notes
Turn   | Place    | Note
-------+----------+-------------------------------------------
     0 | D:1      | issech the Troll Monk began the quest for the Orb.
     0 | D:1      | Reached XP level 1. HP: 22/22 MP: 0/0
   228 | D:1      | Reached skill level 3 in Maces & Flails
   228 | D:1      | Reached XP level 2. HP: 25/29 MP: 1/1
   785 | D:1      | Reached XP level 3. HP: 36/36 MP: 2/2
   878 | D:2      | Noticed a scorpion
   931 | D:2      | Noticed Natasha
   947 | D:2      | Killed Natasha
  1140 | D:2      | Found a runed translucent door.
  1141 | D:2      | Noticed Crazy Yiuf
  1156 | D:2      | Noticed Natasha
  1173 | D:2      | Killed Natasha
  1174 | D:2      | Reached XP level 4. HP: 16/44 MP: 3/3
  1238 | D:2      | Got the Reference Book on Enchantment
  1325 | D:2      | Noticed Natasha
  1339 | D:2      | Killed Natasha
  1340 | D:2      | Reached skill level 4 in Maces & Flails
  1520 | D:3      | Reached XP level 5. HP: 12/53 MP: 4/4
  1934 | D:3      | Found a faded altar of an unknown god.
  2235 | D:3      | Reached skill level 1 in Throwing
  2243 | D:3      | Noticed a black bear
  2252 | D:3      | Killed a black bear
  2253 | D:3      | Reached XP level 6. HP: 36/61 MP: 5/5
  2746 | D:2      | HP: 2/61 [poisoned by a scorpion]
  2747 | D:2      | Slain by a scorpion

Illustrated notes

Levels and vault maps discovered:
D:1:      ebering_trefoil_twist, layout_basic
D:2:      layout_rooms, uniq_crazy_yiuf_cottage, uniq_natasha
D:3:      kb_forest_paths, layout_basic, basic_ecumenical_altar,
          guppyfry_early_orc_mine

Skill      XL: |  1  2  3  4  5 |
---------------+----------------+-----
Maces & Flails | 3 4 |  4.6
Dodging        | 3 |  3.6
Fighting       | 3 |  3.4
Throwing       | 1 |  1.3
Stealth        | |  1.2

Action                   |  1- 3 |  4- 6 || total
-------------------------+-------+-------++-------
Melee: Mace              |    99 |   120 ||   219
       Punch             |     1 |     2 ||     3
       Falchion          |       |    10 ||    10
Throw: Stone             |    19 |       ||    19
       Boomerang         |       |    27 ||    27
 Stab: Sleeping          |     2 |       ||     2
       Distracted        |       |     1 ||     1
Armor: Robe              |    59 |    56 ||   115
Dodge: Dodged            |    70 |    82 ||   152
